 Dungeon Crawl Stone Soup version 0.27-a0-1154-gfdeffcb720 (webtiles) character file.

Game seed: 11983996935424243050

19 chippings the Slasher (level 2, 0/23 HPs)
             Began as a Mummy Gladiator on May 14, 2021.
             Slain by a kobold
             ... wielding a +0 short sword
              (5 damage)
             ... on level 1 of the Dungeon.
             The game lasted 00:00:45 (495 turns).

chippings the Slasher (Mummy Gladiator)              Turns: 495, Time: 00:00:45

Health: 0/23       AC:  4    Str: 17    XL:     2   Next: 55%
Magic:  2/2        EV: 12    Int:  7    God:
Gold:   9          SH:  0    Dex: 13    Spells: 1/1 levels left

rFire    x . .     SeeInvis .   a - +0 long sword
rCold    + . .     Faith    .   (no shield)
rNeg     + + +     Spirit   .   b - +0 leather armour
rPois    ∞         Reflect  .   c - +0 helmet
rElec    .         Harm     .   (no cloak)
rCorr    .         Rampage  .   (no gloves)
Will     .....                  (no boots)
Stlth    +.........             (no amulet)
HPRegen  0.07/turn              (no ring)
MPRegen  0.08/turn              (no ring)

@: no status effects
A: cold resistance 1, negative energy resistance 3, torment resistance 2, heat
vulnerability 1, no potions
a: no special abilities


You were on level 1 of the Dungeon.
You visited 1 branch of the dungeon, and saw 1 of its levels.

You collected 9 gold pieces.

Inventory:

Hand Weapons
 a - a +0 long sword (weapon)
Missiles
 d - 3 throwing nets (quivered)
Armour
 b - a +0 leather armour (worn)
 c - a +0 helmet (worn)
 g - a +2 chain mail of fire resistance
Scrolls
 e - a scroll of holy word {unknown}
 f - a scroll of identify {unknown}


   Skills:
 + Level 2.4 Fighting
 * Level 3.0 Long Blades
 - Level 1.5 Throwing
 - Level 2.4 Dodging


You had one spell level left.
You didn't know any spells.
Your spell library was empty.

Dungeon Overview and Level Annotations

Branches:
Dungeon (1/15)

Altars:


Innate Abilities, Weirdness & Mutations

You are immune to poison.
Your flesh is cold resistant. (rC+)
You are immune to negative energy. (rN+++)
You are immune to unholy pain and torment.
You are vulnerable to heat. (rF-)
You do not drink.


Message History

You closely miss the goblin. The goblin hits you with a +0 club.
You hit the goblin.
The goblin is severely wounded.
The goblin barely misses you.
You closely miss the goblin.
The goblin is severely wounded.
The goblin hits you with a +0 club.
You barely miss the goblin.
The goblin is severely wounded.
The goblin hits you with a +0 club.
You slash the goblin!
You kill the goblin!
Your Long Blades skill increases to level 3!
Things that are here:
a +0 club; a goblin corpse A hobgoblin comes into view.
The hobgoblin shouts!
You hear a shout!
There is a stone staircase leading down here.
The hobgoblin closely misses you.
You riposte.
You barely miss the hobgoblin. You slash the hobgoblin!
You kill the hobgoblin!
You see here a hobgoblin corpse.
A giant cockroach comes into view.
Found a stone staircase leading down.
A kobold comes into view. It is wielding a +0 short sword.
The kobold shouts!
You see here a +2 chain mail of fire resistance.
g - a +2 chain mail of fire resistance The giant cockroach bites you but does no damage.
The giant cockroach closely misses you.
The giant cockroach bites you but does no damage.
You closely miss the giant cockroach. The giant cockroach closely misses you.
You slash the giant cockroach!
You kill the giant cockroach!
The kobold hits you with a +0 short sword. x2
* * * LOW HITPOINT WARNING * * *
You see here a giant cockroach corpse.
You barely miss the kobold.
The kobold hits you with a +0 short sword.
You die...

.............#
..####.....##
#####....#.#####
#####.......#..>.†.##
##........##........##
##.##.#####..........#
......# #..........#
#..#### #..........#
..###### #....K@....#
....(...# #..........#
.######.............##
.# ..###........#
.######..##.>........#
.#...................#
........#.#..........#
.....>...............#
.........#


You could see a kobold.

Vanquished Creatures
  A dart slug (D:1)
  2 ball pythons (D:1)
  2 endoplasms (D:1)
  3 giant cockroaches (D:1)
  3 goblins (D:1)
  A hobgoblin (D:1)
  A kobold (D:1)
  A rat (D:1)
14 creatures vanquished.

Notes
Turn   | Place    | Note
-------+----------+-------------------------------------------
     0 | D:1      | chippings the Mummy Gladiator began the quest for the Orb.
     0 | D:1      | Reached XP level 1. HP: 16/16 MP: 1/1
    79 | D:1      | Reached XP level 2. HP: 4/22 MP: 2/2
   478 | D:1      | Reached skill level 3 in Long Blades
   495 | D:1      | Slain by a kobold

Illustrated notes

Levels and vault maps discovered:
D:1:      dpeg_arrival_prison, layout_rooms,
          chequers_ecumenical_altar_simple_redux, corexii_corridor_pit

Skill      XL: |  1  2 |
---------------+-------+-----
Long Blades    | 3 |  3.0
Fighting       | |  2.4
Throwing       | |  1.5
Dodging        | |  2.4

Action                   || total
-------------------------++-------
Melee: Long sword        ||    42
Armor: Leather armour    ||    13
Dodge: Dodged            ||    32
       Rpst.: Long sword ||    10

Table legend: (Time is in decaauts)
 A = Elapsed time spent in this place.
 B = Non-inter-level travel time spent in this place.
 C = Inter-level travel time spent in this place.
 D = Time resting spent in this place.
 E = Time spent auto-exploring this place.
 F = Levels seen in this place.
 G = Mean time per level.
                   A        B        C        D        E       F      G
               +--------+--------+--------+--------+--------+-----+--------+
         Total |    505 |    505 |      0 |      0 |    344 |   1 |  505.0 |
       Dungeon |    505 |    505 |      0 |      0 |    344 |   1 |  505.0 |
               +--------+--------+--------+--------+--------+-----+--------+

Top non-repeatable levels by time:
     D:1: 505 daAuts
